 Dungeon Crawl Stone Soup version 0.20.1-1-g8b1a95d (console) character file.

291244 hilaritas the Slayer (level 19, -8/303 HPs)
             Began as a Minotaur Fighter on Nov 4, 2017.
             Was the Champion of the Shining One.
             Killed from afar by a deep elf mage (27 damage)
             ... with a bolt of lightning
             ... on level 2 of the Elven Halls on Nov 5, 2017.
             The game lasted 02:28:34 (46271 turns).

hilaritas the Slayer (Minotaur Fighter)            Turns: 46271, Time: 02:28:35

Health: -8/303     AC: 30    Str: 39    XL:     19   Next: 95%
Magic:  24/24      EV: 11    Int:  8    God:    the Shining One [******]
Gold:   991        SH: 25    Dex: 11    Spells: 11/18 levels left

rFire    + . .     SeeInvis +   v - +7 mace {holy, rPois MR++ Str+8 Int-5}
rCold    . . .     Gourm    .   b - +0 large shield {AC+3}
rNeg     + + +     Faith    .   U - +2 plate armour {rF+}
rPois    +         Spirit   .   N - +1 hat {SInv}
rElec    .         Reflect  .   h - +0 cloak
rCorr    .         Harm     +   y - +0 pair of gloves
MR       ++++.                  s - +2 pair of boots
Stlth    ..........             Y - amulet of harm
Regen    0.6/turn               I - ring of protection from magic
MPRegen  0.2/turn               W - +6 ring of intelligence

@: berserking, about to teleport, glowing, very quick
A: retaliatory headbutt, horns 2, low mp 1, poison resistance, MP-powered wands
}: 2/15 runes: barnacled, gossamer
a: Divine Shield, Cleansing Flame, Summon Divine Warrior, Renounce Religion


You were on level 2 of the Elven Halls.
You worshipped the Shining One.
The Shining One was exalted by your worship.
You were near starving.

You visited 7 branches of the dungeon, and saw 34 of its levels.
You also visited: Labyrinth, Ossuary, Ice Cave, Volcano and Wizlab.

You collected 3733 gold pieces.
You spent 2742 gold pieces at shops.

Inventory:

Hand Weapons
 r - a +9 sacred scourge of holy wrath
 v - the +7 mace of the Heavens (weapon) {holy, rPois MR++ Str+8 Int-5}
   (You found it on level 5 of the Dungeon)

   It has been blessed by the Shining One to cause great damage to the undead
   and demons.
   It affects your strength (+8).
   It affects your intelligence (-5).
   It protects you from poison.
   It affects your resistance to hostile enchantments.
Missiles
 X - 13 steel javelins (quivered)
Armour
 b - a +0 large shield of protection (worn)
 h - a +0 cloak (worn)
 s - a +2 pair of boots (worn)
 y - a +0 pair of gloves (worn)
 N - a +1 hat of see invisible (worn)
 U - a +2 plate armour of fire resistance (worn)
Jewellery
 x - an uncursed ring of resist corrosion
 A - an uncursed ring of flight
 C - an uncursed ring of protection from cold
 E - a +6 ring of strength
 I - a ring of protection from magic (left hand)
 W - a +6 ring of intelligence (right hand)
 Y - an amulet of harm (around neck)
Wands
 a - a wand of digging (16/24)
 i - a wand of scattershot (2/9)
 k - a wand of disintegration (10/24)
 o - a wand of acid (7/15)
 w - a wand of iceblast (10/15)
 J - a wand of lightning (7/15)
Scrolls
 e - 14 scrolls of identify
 g - 4 scrolls of enchant armour
 j - a scroll of holy word
 m - 4 scrolls of fear
 t - 4 scrolls of silence
 B - 17 scrolls of remove curse
 K - 4 scrolls of magic mapping
 L - 5 scrolls of fog
 P - 3 scrolls of blinking
 R - 7 scrolls of recharging
 S - a scroll of summoning
 V - 7 scrolls of teleportation
Potions
 c - 4 potions of might
 l - 9 potions of flight
 p - 11 potions of haste
 u - 10 potions of curing
 z - 6 potions of berserk rage
 D - 2 potions of cancellation
 F - 3 potions of heal wounds
 G - 4 potions of magic
 H - 3 potions of resistance
 M - 11 potions of brilliance
 O - 7 potions of agility
 Q - 6 potions of ambrosia
Miscellaneous
 q - a fan of gales
 T - a sack of spiders
 Z - 2 boxes of beasts
Comestibles
 d - 26 bread rations
 f - 17 meat rations
 n - 26 royal jellies


   Skills:
 * Level 25.6 Fighting
 - Level 16.6 Maces & Flails
 + Level 16.4 Armour
 - Level 7.0 Dodging
 + Level 17.8 Shields
 - Level 2.1 Unarmed Combat
 - Level 13.0 Invocations


You had 11 spell levels left.
You knew the following spells:

 Your Spells              Type           Power        Failure   Level  Hunger
a - Summon Butterflies    Summ           #.......     98%         1    ##.....
b - Blink                 Tloc           N/A          99%         2    ###....
c - Sticks to Snakes      Tmut           #.......     99%         2    ###....
d - Swiftness             Chrm/Air       #.......     99%         2    ###....


Dungeon Overview and Level Annotations

Branches:
Dungeon (15/15)            Temple (1/1) D:7            Lair (6/6) D:8
 Shoals (4/4) Lair:2       Spider (4/4) Lair:2        Slime (0/5) Lair:6
    Orc (2/2) D:9             Elf (2/3) Orc:2        Vaults (0/5) D:14
 Depths (0/5) D:15

Altars:
Ashenzari
Cheibriados
Dithmenos
Elyvilon
Fedhas
Gozag
Hepliaklqana
Kikubaaqudgha
Makhleb
Nemelex Xobeh
Okawaru
Qazlal
Ru
Sif Muna
Trog
Uskayaw
Vehumet
Xom
Yredelemnul
Zin
The Shining One
Beogh
Jiyva

Shops:
D:5 (   D:7 [   D:11 %=!   Orc:1 ?%:?   Orc:2 ([=*   Elf:1 }   Shoals:1 }

Annotations:
Lair:5 exclusion: oklob plant


Innate Abilities, Weirdness & Mutations

You reflexively headbutt those who attack you in melee.
You have a pair of horns on your head.
Your magical capacity is low. (-10% MP)
Your system is resistant to poisons. (rPois)
You expend magic power (3 MP) to strengthen your wands.


Message History

The bolt of lightning hits the earth elemental.
The earth elemental completely resists.
The bolt of lightning hits the earth elemental.
The earth elemental completely resists.
The bolt of lightning hits you!
* * * LOW HITPOINT WARNING * * *
You block the deep elf mage's attack.
As you read the scroll of teleportation, it crumbles to dust.
You feel strangely unstable. You block the deep elf mage's attack.
You block the earth elemental's attack.
Unknown command.
A red film seems to cover your vision as you go berserk!
You feel yourself moving faster!
You feel mighty!
The deep elf mage gestures wildly while chanting.
You block the deep elf mage's attack.
You bludgeon the deep elf mage!!
You kill the deep elf mage!
The deep elf mage casts a spell at you.
The bolt of lightning hits the earth elemental.
The earth elemental completely resists.
The bolt of lightning hits you!
You die...

.#
#.#####)...........#
.#
#...####..........##
'#######>E#.........##
..# #####........##
..# ######......## ..#
####''## ..# #..# ..#
#(.# .## #..# ## ##)#
# #@# #E# #...Ee.#
#...eee..#
#..........#
........E...#
:............#
e...........##
...........##


You could see a deep elf archer, 3 earth elementals and 3 deep elf magi.

Vanquished Creatures
  Arachne (Spider:3)
  A Cloud Mage (WizLab)
  The ghost of hilaritas the Brawler, an adept TrFi of Uskayaw (Spider:2)
  A kraken (Shoals:1)
  Polyphemus (Shoals:3)
  Donald (Shoals:4)
  Roxanne (D:15)
  Ilsuiw (Shoals:3)
  The ghost of Thaneod the Severer, a journeyman MiGl of Trog (Orc:2)
  Aizul (Elf:2)
  4 ghost moths (Spider:4)
  3 emperor scorpions
  An orc warlord (Orc:2)
  5 entropy weavers
  A deep elf demonologist (Elf:2)
  A dire elephant (D:15)
  2 spark wasps (Spider:4)
  2 merfolk javelineers (Shoals:4)
  Snorg (Lair:4)
  A minotaur (Lab)
  A deep elf death mage (Elf:1)
  10 merfolk impalers
  A fire dragon (Lair:6)
  Josephine (Shoals:1)
  2 ice dragons (IceCv)
  12 hydras
  4 vault guards (D:14)
  A catoblepas (Shoals:3)
  8 merfolk avatars
  An alligator snapping turtle (Shoals:4)
  3 spriggan air magi (WizLab)
  4 centaur warriors
  A satyr (Shoals:3)
  3 merfolk aquamancers
  6 dancing weapons
  Urug (Lair:4)
  A queen ant (Spider:1)
  3 death yaks (Shoals:3)
  12 two-headed ogres
  12 deep elf knights
  4 orc high priests
  Sonja (Lair:3)
  A hell knight (Volcano)
  A salamander mystic (Volcano)
  A swamp dragon (Lair:6)
  3 unseen horrors
  13 sea snakes
  A wizard (D:14)
  An obsidian statue (D:14)
  4 deep elf archers (Elf:2)
  6 large abominations (Elf:1)
  3 orc knights (Orc:2)
  21 orb spiders
  A necromancer (Elf:1)
  21 deep elf magi
  17 harpies
  14 ugly things
  45 wolf spiders
  3 orc sorcerers (Orc:2)
  3 moths of wrath (Spider:4)
  12 manticores
  8 fauns
  12 merfolk sirens
  7 salamanders
  4 cyclopes
  Joseph (D:7)
  Maurice (Orc:2)
  6 elephants
  3 torpor snails (Spider:1)
  9 water nymphs
  2 ice statues (IceCv)
  22 spiny frogs
  9 black mambas
  4 rime drakes
  2 centaur skeletons
  6 gargoyles
  2 kobold demonologists
  5 komodo dragons
  2 ice devils (D:14)
  A freezing wraith (D:14)
  An efreet (D:15)
  11 demonic crawlers
  A queen bee (Lair:2)
  36 jumping spiders
  9 hornets
  14 polar bears
  33 merfolk
  6 trolls
  13 wind drakes
  19 blink frogs
  16 dream sheep
  7 snapping turtles
  Grinder (D:4)
  15 hippogriffs
  31 air elementals
  4 shadows
  54 yaks
  62 redbacks
  A spriggan (D:7)
  10 water elementals
  A vampire (D:11)
  6 wraiths
  34 tarantellas
  7 wyverns
  3 steam dragons (Lair:6)
  A fire elemental (Elf:1)
  A hungry ghost (D:12)
  12 basilisks
  5 vampire mosquitoes
  Menkaure (D:4)
  8 wargs
  17 soldier ants (Spider:1)
  5 insubstantial wisps (WizLab)
  2 acid dragons (Lair:6)
  8 water moccasins
  15 hell hounds (Lair:6)
  10 porcupines
  2 swamp drakes
  5 sky beasts
  29 orc warriors
  12 black bears
  An eye of draining (D:11)
  24 ice beasts
  13 ogres
  A necrophage (D:10)
  21 centaurs
  24 wolves
  24 crocodiles
  3 big kobolds
  An elf zombie (Elf:1)
  12 bullfrogs
  A wyvern zombie (D:13)
  A water moccasin zombie (D:8)
  A wyvern skeleton (D:10)
  5 scorpions
  38 killer bees
  22 wights
  5 electric eels
  5 crimson imps
  5 howler monkeys
  3 centaur zombies
  21 orc priests
  4 quasits
  2 bullfrog zombies
  A human zombie (Ossuary)
  6 jellies
  6 bullfrog skeletons
  Crazy Yiuf (D:2)
  7 hounds
  26 orc wizards
  Jessica (D:2)
  4 hell rats (Lair:3)
  10 iguanas
  38 worker ants
  2 big kobold zombies (Ossuary)
  3 hound zombies
  A hound skeleton (D:9)
  3 mummies (Ossuary)
  4 gnolls
  11 adders
  4 shadow imps
  2 white imps (D:14)
  3 ufetubi (D:14)
  An ooze (D:1)
  An adder zombie (D:5)
  3 adder skeletons
  2 worms (D:2)
  3 dart slugs
  3 leopard geckos
  83 orcs
  6 bats
  8 giant cockroaches
  10 hobgoblins
  21 jackals
  24 kobolds
  4 quokkas
  A ball python (D:4)
  8 frilled lizards
  2 gnoll zombies (Ossuary)
  9 goblins
  A goblin zombie (Ossuary)
  A jackal skeleton (D:5)
  A jackal zombie (D:5)
  A kobold zombie (Ossuary)
  A leopard gecko skeleton (D:4)
  An orc zombie (Ossuary)
  2 quokka skeletons
  5 rats
  A fungus (D:2)
  2 plants (Lair:6)
  2 tentacles (Shoals:1)
1505 creatures vanquished.

Vanquished Creatures (collateral kills)
  A deep elf sorcerer (Elf:2)
  2 merfolk javelineers (Shoals:4)
  2 merfolk impalers (Shoals:4)
  A dancing weapon (Elf:2)
  A deep elf knight (Elf:2)
  An air elemental (WizLab)
8 creatures vanquished.

Vanquished Creatures (others)
  A merfolk avatar (Shoals:4)
  A wind drake (WizLab)
  A warg (Elf:2)
  4 insubstantial wisps (WizLab)
  An orc warrior (Elf:2)
  4 centaurs
  2 orcs (D:9)
  A kobold (D:11)
  A goblin (D:9)
  13 fungi
  28 plants
  4 tentacles (Shoals:1)
61 creatures vanquished.

Grand Total: 1574 creatures vanquished

Notes
Turn   | Place    | Note
-------+----------+-------------------------------------------
     0 | D:1      | hilaritas the Minotaur Fighter began the quest for the Orb.
     0 | D:1      | Reached XP level 1. HP: 19/19 MP: 0/0
   201 | D:1      | Reached skill level 4 in Fighting
   261 | D:1      | Reached XP level 2. HP: 27/27 MP: 1/1
   607 | D:1      | Reached XP level 3. HP: 33/34 MP: 2/2
  1017 | D:2      | Reached skill level 1 in Maces & Flails
  1045 | D:2      | Noticed Jessica
  1056 | D:2      | Killed Jessica
  1056 | D:2      | Reached XP level 4. HP: 29/41 MP: 3/3
  1078 | D:2      | Found a white marble altar of Elyvilon.
  1102 | D:2      | Became a worshipper of Elyvilon the Healer
  1121 | D:2      | Reached skill level 5 in Shields
  1325 | D:2      | Found a hazy altar of Hepliaklqana.
  1476 | D:2      | Found a snail-covered altar of Cheibriados.
  1479 | D:2      | Reached XP level 5. HP: 47/47 MP: 4/4
  1861 | D:2      | Found a runed door.
  1865 | D:2      | Noticed Crazy Yiuf
  1869 | D:2      | Killed Crazy Yiuf
  1927 | D:3      | Noticed a water elemental
  1932 | D:3      | Found a stormy altar of Qazlal.
  1934 | D:3      | Noticed a fire elemental
  1934 | D:3      | Noticed an air elemental
  2008 | D:3      | Reached * piety under Elyvilon
  2083 | D:3      | Reached skill level 1 in Invocations
  2487 | D:4      | Noticed an ogre
  2490 | D:4      | Killed an ogre
  2490 | D:4      | Reached skill level 5 in Maces & Flails
  2490 | D:4      | Reached XP level 6. HP: 53/53 MP: 5/5
  2502 | D:4      | Noticed Grinder
  2525 | D:4      | Killed Grinder
  2742 | D:4      | Noticed Menkaure
  2756 | D:4      | Killed Menkaure
  2756 | D:4      | Reached XP level 7. HP: 31/60 MP: 7/7
  3564 | D:5      | Entered Level 5 of the Dungeon
  3647 | D:5      | Reached ** piety under Elyvilon
  3668 | D:5      | Reached XP level 8. HP: 67/67 MP: 8/8
  3769 | D:5      | Got a jewelled mace
  3845 | D:5      | Found Susmy's Antique Weapon Shop.
  4124 | D:6      | Found a shimmering altar of Xom.
  4596 | D:6      | Reached *** piety under Elyvilon
  4809 | D:6      | Found a sparkling altar of Nemelex Xobeh.
  5193 | D:6      | Identified the +7 mace of the Heavens {holy, rPois MR++ Str+8 Int-5} (You found it on level 5 of the Dungeon)
  5402 | D:6      | Reached skill level 10 in Maces & Flails
  5410 | D:6      | Found a shattered altar of Ashenzari.
  5410 | D:6      | Found an iron altar of Okawaru.
  5412 | D:6      | Found a shadowy altar of Dithmenos.
  5664 | D:7      | Noticed Joseph
  5674 | D:7      | Killed Joseph
  5674 | D:7      | Reached skill level 5 in Fighting
  5674 | D:7      | Reached XP level 9. HP: 17/74 MP: 9/11
  6030 | D:7      | Found Vichigewn's Antique Armour Emporium.
  6059 | D:7      | Found a staircase to the Ecumenical Temple.
  6069 | Temple   | Entered the Ecumenical Temple
  6120 | Temple   | Fell from the grace of Elyvilon
  6120 | Temple   | Became a worshipper of the Shining One
  6120 | Temple   | Reached * piety under the Shining One
  6275 | D:6      | Reached ** piety under the Shining One
  6290 | D:5      | Bought a glowing morningstar for 252 gold pieces
  6349 | D:7      | Reached skill level 5 in Armour
  6435 | D:7      | Found a deep blue altar of Sif Muna.
  6556 | D:7      | Noticed a four-headed hydra
  6565 | D:7      | Killed a four-headed hydra
  6565 | D:7      | Reached skill level 6 in Fighting
  6565 | D:7      | Reached skill level 10 in Shields
  6565 | D:7      | Reached skill level 5 in Invocations
  7003 | D:8      | Reached XP level 10. HP: 69/84 MP: 11/13
  7085 | D:8      | Found a sand-covered staircase.
  7090 | Ossuary  | Entered an ossuary
  7288 | Ossuary  | Reached *** piety under the Shining One
  7357 | D:8      | Reached skill level 7 in Fighting
  7621 | D:8      | Noticed a two-headed ogre
  7631 | D:8      | Killed a two-headed ogre
  7631 | D:8      | Reached skill level 8 in Fighting
  7922 | D:8      | Found a staircase to the Lair.
  7973 | D:8      | Noticed a two-headed ogre
  7981 | D:8      | Killed a two-headed ogre
  7981 | D:8      | Reached skill level 9 in Fighting
  8577 | D:9      | Reached XP level 11. HP: 40/99 MP: 14/14
  8835 | D:9      | Found a staircase to the Orcish Mines.
  8841 | D:9      | Learned a level 1 spell: Summon Butterflies
  9031 | D:9      | Noticed a brown ugly thing
  9045 | D:9      | Killed a brown ugly thing
  9045 | D:9      | Reached skill level 10 in Fighting
  9048 | D:9      | Reached **** piety under the Shining One
  9056 | D:9      | Noticed a two-headed ogre
  9076 | D:9      | Killed a two-headed ogre
  9265 | D:9      | Found an iron altar of Okawaru.
  9944 | D:10     | Entered Level 10 of the Dungeon
  9983 | D:10     | Noticed a two-headed ogre
  9993 | D:10     | Killed a two-headed ogre
  9993 | D:10     | Reached skill level 11 in Fighting
 10155 | D:10     | Reached ***** piety under the Shining One
 10193 | D:10     | Noticed a two-headed ogre
 10200 | D:10     | Killed a two-headed ogre
 10278 | D:10     | Noticed a two-headed ogre
 10279 | D:10     | Noticed a two-headed ogre
 10279 | D:10     | Noticed a two-headed ogre
 10294 | D:10     | Killed a two-headed ogre
 10300 | D:10     | Killed a two-headed ogre
 10305 | D:10     | Killed a two-headed ogre
 10305 | D:10     | Reached XP level 12. HP: 59/110 MP: 16/16
 10629 | D:10     | Noticed a two-headed ogre
 10635 | D:10     | Killed a two-headed ogre
 10871 | D:11     | Found a deep blue altar of Sif Muna.
 10907 | D:11     | Gained mutation: Your spells are a little harder to cast, but a little more powerful. [potion of mutation]
 10907 | D:11     | Gained mutation: You are somewhat resistant to further mutation. [potion of mutation]
 10929 | D:11     | Found Uxkynas's Jewellery Shoppe.
 10943 | D:11     | Found Vieck's Food Boutique.
 11163 | D:11     | Found Kukhliuch's Distillery.
 11167 | D:11     | Bought a potion of heal wounds for 70 gold pieces
 11167 | D:11     | Bought 2 potions of heal wounds for 140 gold pieces
 12606 | D:12     | Reached skill level 15 in Shields
 12751 | Lair:1   | Entered Level 1 of the Lair of Beasts
 12758 | Lair:1   | Reached skill level 10 in Armour
 12766 | Lair:1   | Reached skill level 1 in Dodging
 13181 | Lair:1   | Noticed a four-headed hydra
 13190 | Lair:1   | Killed a four-headed hydra
 13739 | Lair:2   | Reached skill level 10 in Invocations
 13762 | Lair:2   | Found a staircase to the Shoals.
 13780 | Lair:2   | Reached XP level 13. HP: 87/116 MP: 19/19
 13973 | Lair:2   | Found a hole to the Spider Nest.
 13988 | Lair:2   | Reached skill level 5 in Dodging
 14252 | Lair:2   | Learned a level 2 spell: Blink
 16375 | Lair:3   | Noticed Sonja
 16976 | Lair:3   | Killed Sonja
 17087 | Lair:4   | Found a labyrinth entrance.
 17094 | Lair:4   | Found a dark tunnel.
 17100 | Volcano  | Entered a volcano
 17125 | Volcano  | Found a bloodstained altar of Trog.
 17426 | Lab      | Entered a labyrinth
 18505 | Lab      | Noticed a minotaur
 18512 | Lab      | Killed a minotaur
 18560 | Lair:4   | Identified a scroll of acquirement
 18572 | Lair:4   | Reached XP level 14. HP: 120/124 MP: 20/22
 18576 | Lair:4   | Lost mutation: Your spells are a little harder to cast, but a little more powerful. [potion of mutation]
 18576 | Lair:4   | Lost mutation: You are somewhat resistant to further mutation. [potion of mutation]
 18576 | Lair:4   | Gained mutation: You do not regenerate when monsters are visible. [potion of mutation]
 18576 | Lair:4   | Gained mutation: You are partially covered in molten scales. (AC +2) [potion of mutation]
 18576 | Lair:4   | Gained mutation: You are resistant to hostile enchantments. (MR+) [potion of mutation]
 18576 | Lair:4   | Gained mutation: You are partially covered in iridescent scales. (AC +2) [potion of mutation]
 18581 | Lair:4   | Lost mutation: You are partially covered in molten scales. (AC +2) [potion of mutation]
 18581 | Lair:4   | Lost mutation: You are resistant to hostile enchantments. (MR+) [potion of mutation]
 18581 | Lair:4   | Lost mutation: You are partially covered in iridescent scales. (AC +2) [potion of mutation]
 18581 | Lair:4   | Lost mutation: You do not regenerate when monsters are visible. [potion of mutation]
 18581 | Lair:4   | Gained mutation: You are clumsy. (Dex -2) [potion of mutation]
 18581 | Lair:4   | Gained mutation: Your flesh is heat resistant. (rF+) [potion of mutation]
 18582 | Lair:4   | Lost mutation: You are clumsy. (Dex -2) [potion of mutation]
 18582 | Lair:4   | Lost mutation: Your flesh is heat resistant. (rF+) [potion of mutation]
 18582 | Lair:4   | Gained mutation: You expend magic power (3 MP) to strengthen your wands. [potion of mutation]
 18582 | Lair:4   | Gained mutation: You evolve. [potion of mutation]
 18582 | Lair:4   | Gained mutation: Your system is resistant to poisons. (rPois) [potion of mutation]
 18630 | Lair:4   | Noticed Urug
 18654 | Lair:4   | Killed Urug
 18995 | Lair:4   | Reached XP level 15. HP: 126/130 MP: 23/23
 19138 | Lair:4   | Noticed Snorg
 19148 | Lair:4   | Killed Snorg
 20370 | Lair:6   | Entered Level 6 of the Lair of Beasts
 20412 | Lair:6   | Reached skill level 15 in Maces & Flails
 20577 | Lair:5   | Reached skill level 12 in Fighting
 21507 | Lair:6   | Lost mutation: You evolve. [evolution]
 22099 | Lair:6   | Reached ****** piety under the Shining One
 22437 | Lair:6   | Reached skill level 13 in Fighting
 22566 | Lair:6   | Found a staircase to the Slime Pits.
 22566 | Lair:6   | Found a viscous altar of Jiyva.
 23214 | D:11     | Bought an uncursed ring of protection from magic for 400 gold pieces
 23458 | D:13     | Reached skill level 14 in Fighting
 24121 | D:14     | Found a gate to the Vaults.
 24143 | D:14     | Found an opulent altar of Gozag.
 24187 | D:14     | Reached skill level 15 in Fighting
 24223 | D:14     | Found a frozen archway.
 24242 | IceCv    | Entered an ice cave
 24249 | IceCv    | Reached XP level 16. HP: 136/149 MP: 24/24
 24943 | D:14     | Reached skill level 16 in Fighting
 25319 | D:14     | Reached skill level 17 in Fighting
 26025 | D:15     | Entered Level 15 of the Dungeon
 26059 | D:15     | Reached skill level 18 in Fighting
 26285 | D:15     | Noticed Roxanne
 26316 | D:15     | Killed Roxanne
 26317 | D:15     | Identified Roxanne's Disquisition on Changing (You took it off Roxanne on level 15 of the Dungeon)
 26322 | D:15     | Learned a level 2 spell: Sticks to Snakes
 26711 | D:15     | Reached skill level 19 in Fighting
 27392 | D:15     | Found a staircase to the Depths.
 28065 | Orc:1    | Entered Level 1 of the Orcish Mines
 28065 | Orc:1    | Found Jeivathro's Food Shoppe.
 28187 | Orc:1    | Found Aluown's Magic Scroll Shop.
 28193 | Orc:1    | Bought a scroll of magic mapping for 52 gold pieces
 28276 | Orc:2    | Entered Level 2 of the Orcish Mines
 28306 | Orc:2    | Noticed Thaneod's ghost (journeyman MiGl)
 28329 | Orc:2    | Killed Thaneod's ghost
 28597 | Orc:2    | Found Qyesmib's Antique Weapon Emporium.
 28890 | D:5      | Bought a runed demon whip for 648 gold pieces
 28890 | D:5      | Identified a glowing sacred scourge {god gift} (a runed demon whip blessed by the Shining One)
 28890 | D:5      | Received a gift from the Shining One
 29486 | Orc:2    | Found a roughly hewn altar of Beogh.
 29507 | Orc:2    | Noticed Maurice
 29512 | Orc:2    | Killed Maurice
 29560 | Orc:2    | Found a staircase to the Elven Halls.
 29878 | Orc:1    | Found Zeerinevia's Book Emporium.
 29878 | Orc:1    | Found Plog's Magic Scroll Boutique.
 29904 | Orc:1    | Bought 2 scrolls of acquirement for 1040 gold pieces
 29908 | Orc:1    | Identified the ring of Seagg {Wiz -Tele rC- Int+8 SInv} (You acquired it on level 1 of the Orcish Mines)
 30034 | Orc:2    | Found Ydghazxuss's General Store.
 30063 | Orc:2    | Found Quruvvom's Jewellery Emporium.
 30091 | Orc:2    | Reached skill level 20 in Fighting
 30469 | Orc:2    | Found Beuhij's Antique Armour Boutique.
 30882 | Shoals:1 | Entered Level 1 of the Shoals
 31195 | Shoals:1 | Noticed a kraken
 31207 | Shoals:1 | Killed a kraken
 31487 | Shoals:1 | Found Qudi's Gadget Boutique.
 31570 | Shoals:1 | Reached XP level 17. HP: 135/171 MP: 25/25
 31691 | Shoals:1 | Noticed Josephine
 31698 | Shoals:1 | Killed Josephine
 32784 | Shoals:3 | Noticed Ilsuiw
 32798 | Shoals:3 | Killed Ilsuiw
 33189 | Shoals:2 | Reached skill level 21 in Fighting
 33670 | Shoals:3 | Noticed Polyphemus
 33696 | Shoals:3 | Killed Polyphemus
 34725 | Shoals:4 | Entered Level 4 of the Shoals
 35006 | Shoals:4 | Reached skill level 22 in Fighting
 35063 | Shoals:4 | Noticed Donald
 35076 | Shoals:4 | Killed Donald
 35611 | Shoals:4 | Reached XP level 18. HP: 146/187 MP: 26/26
 35651 | Shoals:4 | Got a barnacled rune of Zot
 36156 | Shoals:4 | HP: 9/187 [merfolk impaler/trident of piercing (15)]
 36163 | Shoals:4 | HP: 7/187 [merfolk javelineer/spear of piercing (3)]
 36164 | Shoals:4 | Reached skill level 23 in Fighting
 36831 | D:11     | Bought a potion of heal wounds for 70 gold pieces
 36831 | D:11     | Bought a potion of heal wounds for 70 gold pieces
 36958 | Spider:1 | Entered Level 1 of the Spider Nest
 37636 | Spider:1 | Learned a level 2 spell: Swiftness
 37840 | Spider:1 | Reached skill level 15 in Armour
 38457 | Spider:2 | Noticed hilaritas's ghost (adept TrFi)
 38475 | Spider:2 | Killed hilaritas's ghost
 38571 | Spider:2 | Reached skill level 24 in Fighting
 40120 | Spider:3 | Noticed Arachne
 40140 | Spider:3 | Killed Arachne
 41150 | Spider:4 | Entered Level 4 of the Spider Nest
 41181 | Spider:4 | Reached XP level 19. HP: 188/200 MP: 27/27
 41997 | Spider:4 | HP: 2/200 [wolf spider (10)]
 42486 | Spider:4 | Reached skill level 25 in Fighting
 43031 | Spider:4 | Got a gossamer rune of Zot
 43337 | Elf:1    | Entered Level 1 of the Elven Halls
 43451 | Elf:1    | Found a magical portal.
 43460 | WizLab   | Entered The Chambers of the Cloud Mage
 44051 | WizLab   | Noticed Ralur
 44068 | WizLab   | Killed Ralur the Cloud Mage
 44128 | WizLab   | Identified Sif Muna's Incunabulum of Air
 44140 | WizLab   | Identified the Collected Works on Air
 44592 | Elf:1    | Gained mutation: Your magical capacity is low. (-10% MP) [a neqoxec]
 44730 | Elf:1    | Found Esorrec's Gadget Boutique.
 44821 | Elf:1    | Identified the Tome of Sinister Rituals
 45356 | Elf:2    | Noticed Aizul
 45374 | Elf:2    | Killed Aizul
 46267 | Elf:2    | HP: 6/202 [deep elf mage/bolt of lightning (27)]
 46271 | Elf:2    | Killed from afar by a deep elf mage

Skill      XL: |  1  2  3  4  5  6  7  8  9 10 11 12 13 14 15 16 17 18 19 |
---------------+----------------------------------------------------------+-----
Fighting       | 4 5 6 9 11 15 20 22 24 25 | 25.6
Shields        | 4 5 6 8 10 11 13 15 17 | 17.8
Maces & Flails | 2 3 5 6 8 10 13 16 | 16.6
Invocations    | 1 2 4 5 6 7 10 12 13 | 13.0
Armour         | 4 6 7 8 10 12 14 15 16 | 16.4
Dodging        | 4 7 |  7.0
Unarmed Combat | |  2.1

Action                   |  1- 3 |  4- 6 |  7- 9 | 10-12 | 13-15 | 16-18 | 19-21 || total
-------------------------+-------+-------+-------+-------+-------+-------+-------++-------
Melee: Unarmed           |    53 |       |       |       |       |       |       ||    53
       Headbutt          |    20 |    32 |    82 |   140 |   187 |   410 |   126 ||   997
       Whip              |    63 |   216 |   270 |       |       |       |       ||   549
       Mace              |       |       |    56 |    23 |       |       |   377 ||   456
       Flail             |       |       |    29 |       |       |       |       ||    29
       Morningstar       |       |       |    63 |   669 |  1027 |   441 |       ||  2200
       Sacred scourge    |       |       |       |       |       |  1360 |   237 ||  1597
Throw: Tomahawk          |       |     3 |     4 |    13 |       |    11 |       ||    31
       Javelin           |       |       |       |       |       |     2 |       ||     2
Invok: Lesser Healing    |       |       |     1 |       |       |       |       ||     1
       Divine Shield     |       |       |       |     3 |     6 |    24 |     8 ||    41
       Cleansing Flame   |       |       |       |       |       |     4 |     1 ||     5
       Brand Weapon With |       |       |       |       |       |     1 |       ||     1
       Summon Divine War |       |       |       |       |       |     1 |     2 ||     3
Evoke: Wand              |       |       |       |       |       |     5 |       ||     5
  Use: Scroll            |       |     7 |     8 |    18 |    12 |    17 |     3 ||    65
       Potion            |       |       |       |     1 |     5 |    11 |     9 ||    26
  Eat: Chunk             |     1 |     5 |    14 |    24 |    30 |    51 |     5 ||   130
       Fruit             |       |       |       |     1 |     5 |     1 |     6 ||    13
       Royal jelly       |       |       |       |       |       |     3 |     3 ||     6
Armor: Scale mail        |    38 |       |       |       |       |       |       ||    38
       Chain mail        |     8 |    83 |    89 |    59 |       |       |       ||   239
       Plate armour      |       |       |       |   147 |   326 |   627 |   199 ||  1299
Dodge: Dodged            |    17 |    45 |    61 |   191 |   321 |   424 |   100 ||  1159
Block: Shield            |    52 |   111 |   269 |   738 |   884 |  1379 |       ||  3433
       Reflection        |       |       |     8 |    59 |     4 |       |       ||    71
       Large shield      |       |       |       |       |       |   105 |   701 ||   806
